 Dungeon Crawl Stone Soup version 0.25.0-10-g039870ee82 (webtiles) character file.

Game seed: 12097436325341208124

275 shadizar the Skirmisher (level 6, -2/43 HPs)
             Began as an Octopode Transmuter on June 23, 2020.
             Killed from afar by an orc wizard (11 damage)
             ... with a puff of frost
             ... on level 6 of the Dungeon.
             The game lasted 00:05:38 (5056 turns).

shadizar the Skirmisher (Octopode Transmuter)       Turns: 5056, Time: 00:05:38

Health: -2/43      AC:  1    Str:  9    XL:     6   Next: 24%
Magic:  9/9        EV: 11    Int: 16    God:
Gold:   181        SH:  8    Dex: 14    Spells: 8/9 levels left

rFire    . . .     SeeInvis .     - Unarmed
rCold    . . .     Gourm    .   f - +0 kite shield
rNeg     . . .     Faith    .   (helmet restricted)
rPois    .         Spirit   .   (no amulet)
rElec    .         Reflect  .   (no ring)
rCorr    .         Harm     .   (no ring)
MR       .....                  (no ring)
Stlth    +++.......             (no ring)
HPRegen  0.14/turn              (no ring)
MPRegen  0.11/turn              (no ring)
                                (no ring)
                                (no ring)

@: no status effects
A: almost no armour, stealthy swim, amphibious, 8 rings, constrict 8, camouflage
1, gelatinous body 1
a: no special abilities


You were on level 6 of the Dungeon.
You were hungry.

You visited 1 branch of the dungeon, and saw 6 of its levels.

You collected 181 gold pieces.

Inventory:

Missiles
 a - 69 arrows
Armour
 f - a +0 kite shield (worn)
Scrolls
 d - 8 scrolls of identify {unknown}
 g - a scroll of fear {unknown}
 h - 3 scrolls of remove curse {unknown}
 j - a scroll of random uselessness {unknown}
 k - 3 scrolls of amnesia {unknown}
 l - a scroll of enchant armour {unknown}
Potions
 b - 2 potions of magic {unknown}
 e - 3 potions of berserk rage {unknown}
 i - a potion of resistance {unknown}
 m - a potion of might {unknown}
 n - a potion of stabbing {unknown}
Comestibles
 c - 9 rations


   Skills:
 + Level 3.9 Fighting
 + Level 2.6 Dodging
 + Level 2.5 Stealth
 + Level 2.8 Shields
 + Level 3.5 Unarmed Combat
 - Level 2.0 Spellcasting
 - Level 2.0 Transmutations


You had 8 spell levels left.
You knew the following spells:

 Your Spells              Type           Power        Failure   Level  Hunger
a - Beastly Appendage     Tmut           #.....       41%         1    #......

Your spell library contained the following spells:

 Spells                   Type           Power        Failure   Level  Hunger
 Sticks to Snakes         Tmut           #.......     54%         2    ###....
 Spider Form              Tmut/Pois      #.........   89%         3    ###....
 Ice Form                 Ice/Tmut       #.......     100%        4    #####..
 Blade Hands              Tmut           #.........   100%        5    ######.


Dungeon Overview and Level Annotations

Branches:
Dungeon (6/15)
 Temple: D:4-7

Altars:

Shops:
D:4 :

Annotations:
D:3 Grinder, Sigmund
D:5 Ijyb


Innate Abilities, Weirdness & Mutations

You cannot wear most types of armour.
You are very stealthy in the water. (Stealth+)
You are amphibious.
You can wear up to eight rings at the same time.
You can use your tentacles to constrict eight enemies at once.
Your skin changes colour to match your surroundings (Stealth+).
Your rubbery body absorbs attacks. (AC +1, EV +1)


Message History

The orc wizard hits you with a +1 dagger of speed.
You block the orc's attack.
The orc wizard hits you with a +1 dagger of speed.
You are too injured to fight recklessly!
You are too injured to fight recklessly!
You are too injured to fight recklessly!
Your shield prevents you from hitting the orc wizard.
Your grab misses the orc wizard.
The orc wizard is severely wounded.
The orc wizard misses you.
You closely miss the orc wizard. Your grab misses the orc wizard.
The orc wizard is severely wounded.
The orc wizard hits you with a +1 dagger of speed.
The orc closely misses you. The orc wizard casts a spell at you.
The magic dart hits you.
* * * LOW HITPOINT WARNING * * *
The orc wizard points at you and mumbles some strange words.
The puff of frost hits you!
You die...

### ...
#.# #o#
#o# #o#
#.# #@#
#.# #.#
#.....#
#######


You could see an orc wizard (fast) and 2 orcs.

Vanquished Creatures
  A howler monkey (D:4)
  A centaur skeleton (D:4)
  An orc wizard (D:6)
  A worker ant (D:4)
  A worker ant zombie (D:5)
  A gnoll (D:1)
  5 adders
  2 worms (D:2)
  5 dart slugs
  2 leopard geckos (D:1)
  5 orcs
  10 giant cockroaches
  7 hobgoblins
  8 jackals
  2 quokkas
  A ball python (D:1)
  5 bats
  5 frilled lizards (D:2)
  9 kobolds
  6 rats
78 creatures vanquished.

Notes
Turn   | Place    | Note
-------+----------+-------------------------------------------
     0 | D:1      | shadizar the Octopode Transmuter began the quest for the
                  | Orb.
     0 | D:1      | Reached XP level 1. HP: 13/13 MP: 3/3
   125 | D:1      | Reached XP level 2. HP: 19/19 MP: 5/5
   499 | D:1      | Reached XP level 3. HP: 25/25 MP: 6/6
  1678 | D:2      | Reached skill level 1 in Shields
  1678 | D:2      | Reached XP level 4. HP: 31/31 MP: 7/7
  2659 | D:3      | Noticed Sigmund
  2962 | D:3      | Noticed Grinder
  3505 | D:3      | Reached XP level 5. HP: 36/36 MP: 8/8
  3660 | D:4      | Found Gosium's Book Shoppe.
  3882 | D:4      | Reached skill level 1 in Stealth
  4614 | D:5      | Entered Level 5 of the Dungeon
  4622 | D:5      | Noticed an ice beast
  4632 | D:4      | Reached XP level 6. HP: 18/43 MP: 9/9
  4934 | D:5      | Noticed Ijyb
  5056 | D:6      | Killed from afar by an orc wizard

Illustrated notes

Levels and vault maps discovered:
D:1:      kennysheep_arrival_seaside, layout_loops_cross
D:2:      layout_loops_cross
D:3:      layout_basic, minivault_23, corexii_shack, uniq_sigmund, uniq_grinder
D:4:      layout_loops_corners, serial_shops, kennysheep_mini
D:5:      layout_cave_pods, lemuel_doored_altar, first_ration,
          uniq_crazy_yiuf_cottage, uniq_ijyb
D:6:      layout_loops_ring, nicolae_ru_path_of_blood, old_standard_altar,
          uniq_menkaure

Skill      XL: |  1  2  3  4  5 |
---------------+----------------+-----
Fighting       | 2 3 |  3.9
Shields        | 1 2 |  2.8
Stealth        | 2 |  2.5
Dodging        | |  2.6
Unarmed Combat | |  3.5
Spellcasting   | |  2.0
Transmutations | |  2.0

Action                   |  1- 3 |  4- 6 || total
-------------------------+-------+-------++-------
Melee: Unarmed           |    91 |   132 ||   223
       Constrict         |    21 |    32 ||    53
       Tentacles         |    17 |    23 ||    40
       Punch             |     3 |     1 ||     4
  Use: Potion            |       |     2 ||     2
 Stab: Sleeping          |     8 |     5 ||    13
       Distracted        |     1 |       ||     1
  Eat: Chunk             |     2 |    10 ||    12
Armor: Skin              |     4 |     8 ||    12
Dodge: Dodged            |    58 |    70 ||   128
Block: Kite shield       |       |    46 ||    46
